 Dungeon Crawl Stone Soup version 0.31.0-9-g3a7656b989 (webtiles) character file.

Game seed: 9858987107748643842

100 qw the Shooter (level 4, 0/25 HPs)
             Began as a Deep Elf Hunter on Feb 2, 2024.
             Slain by an orc priest
             ... wielding a +0 flail
              (5 damage)
             ... on level 3 of the Dungeon.
             The game lasted 00:00:07 (1091 turns).

qw the Shooter (Deep Elf Hunter)                    Turns: 1091, Time: 00:00:08

Health: 0/25       AC:  5    Str: 10    XL:     4   Next: 46%
Magic:  6/6        EV: 12    Int: 14    God:
Gold:   97         SH:  0    Dex: 18    Spells: 3/3 levels left

rFire   . . .        a - +0 shortbow
rCold   . . .        (shield currently unavailable)
rNeg    . . .        c - +0 leather armour
rPois   .            (no helmet)
rElec   .            g - +0 cloak
rCorr   .            (no gloves)
SInv    .            f - +0 pair of boots
Will    .....        (no amulet)
Stlth   ++           (no ring)
HPRegen 0.24/turn    (no ring)
MPRegen 0.10/turn

%: no passive effects
@: no status effects
A: no striking features
a: no special abilities


You were on level 3 of the Dungeon.
You visited 1 branch of the dungeon, and saw 3 of its levels.

You collected 146 gold pieces.
You spent 49 gold pieces at shops.


   Skills:
 - Level 1.5 Fighting
 + Level 7.9 Ranged Weapons
 - Level 2.4 Dodging
 - Level 1.2 Stealth


You had 3 spell levels left.
You didn't know any spells.
Your spell library was empty.

Inventory:

Hand Weapons
 a - a +0 shortbow (weapon)
Armour
 c - a +0 leather armour (worn)
 f - a +0 pair of boots (worn)
 g - a +0 cloak (worn)
Wands
 e - a wand of charming (10)
Potions
 d - a potion of haste {unknown}
 h - 2 potions of heal wounds

Dungeon Overview and Level Annotations

Branches:
Dungeon (3/15)

Altars:

Shops:
D:2 [


Message History

You hear a shout!
You shoot an arrow. The arrow hits the orc!
You kill the orc!
You shoot an arrow.
The arrow hits the orc but does no damage.
You shoot an arrow.
The arrow hits the orc but does no damage.
An orc comes into view. It is wielding a +0 dagger.
You shoot an arrow. The arrow hits the orc.
The orc is severely wounded.
An orc priest comes into view. It is wielding a +0 flail.
You shoot an arrow. The arrow hits the orc.
The orc is almost dead.
The orc hits you with a +0 flail.
You shoot an arrow. The arrow barely misses the orc.
You hear a shout!
The orc barely misses you. x2
You shoot an arrow. The arrow hits the orc.
You kill the orc!
An orc comes into view. It is wielding a +0 falchion.
You shoot an arrow. The arrow hits the orc.
The orc is severely wounded.
The orc barely misses you.
You shoot an arrow. The arrow hits the orc!
You kill the orc!
The orc priest hits you with a +0 flail.
You shoot an arrow.
The arrow hits the orc priest but does no damage.
The orc priest barely misses you. The orc hits you with a +0 falchion.
You shoot an arrow. The arrow barely misses the orc priest.
The orc priest barely misses you. The orc misses you.
You shoot an arrow. The arrow hits the orc priest.
The orc priest is lightly wounded.
The orc priest hits you with a +0 flail!
The orc misses you.
You shoot an arrow. The arrow hits the orc priest.
The orc priest is moderately wounded.
The orc hits you with a +0 falchion.
The orc priest hits you with a +0 flail.
You die...

.......# .......#
.......#####
............# ###.
.............# .....
#...#......... ##...
#.#...........###..)
#.###...........oo#
............>...@# .
.......).........####....
..<.).........#.......#
.....)..........####..#
...................#..#
###...)................
###.........######...
##...))..## #. ##.......#


You could see an orc priest and an orc.

Vanquished Creatures
  2 adders
  A ribbon worm (D:2)
  A dart slug (D:1)
  7 orcs (D:3)
  4 ball pythons
  6 endoplasms
  A giant cockroach (D:1)
  8 hobgoblins
  4 jackals (D:1)
  8 kobolds
  4 quokkas
  5 bats
  2 frilled lizards (D:1)
  6 goblins
  4 rats
63 creatures vanquished.

Notes
Turn   | Place    | Note
-------+----------+-------------------------------------------
     0 | D:1      | qw the Deep Elf Hunter began the quest for the Orb.
     0 | D:1      | Reached XP level 1. HP: 12/12 MP: 3/3
     0 | D:1      | 0 ||| qw: Version: 0.3-a-155-g5e7d8dd
     0 | D:1      | 0 ||| qw: Game counter: 2691
     0 | D:1      | 0 ||| qw: Melee chars always use a shield: true
     0 | D:1      | 0 ||| qw: God list: Okawaru
     0 | D:1      | 0 ||| qw: Allow faded altars: false
     0 | D:1      | 0 ||| qw: Do Orc after clearing Dungeon:15 true
     0 | D:1      | 0 ||| qw: Do second Lair branch before Depths: true
     0 | D:1      | 0 ||| qw: Lair rune preference: random
     0 | D:1      | 0 ||| qw: Goals: Normal
     0 | D:1      | 0 ||| PLANNING D:1-11
    62 | D:1      | Reached XP level 2. HP: 16/16 MP: 4/4
    66 | D:1      | Reached skill level 6 in Ranged Weapons
   221 | D:1      | Reached XP level 3. HP: 20/20 MP: 5/5
   411 | D:1      | 411 ||| READING scroll labelled HACOQ KARUTSU.
   412 | D:1      | 412 ||| READING 2 scrolls labelled DIAZ BAACE.
   416 | D:1      | 416 ||| READING 2 scrolls labelled FADAILOREI.
   416 | D:1      | 416 ||| IDENTIFYING fizzy golden potion
   417 | D:1      | 417 ||| READING scroll of identify.
   417 | D:1      | 417 ||| IDENTIFYING fuming purple potion
   418 | D:1      | 418 ||| DRINKING 2 bubbling amethyst potions.
   419 | D:1      | 419 ||| DROPPING scroll of butterflies.
   420 | D:1      | 420 ||| DROPPING potion of lignification.
   421 | D:1      | 421 ||| DROPPING potion of attraction.
   455 | D:2      | Found a faded altar of an unknown god.
   481 | D:2      | HP: 4/20 [adder (2)]
   482 | D:2      | 482 ||| READING scroll of teleportation.
   484 | D:2      | Reached skill level 7 in Ranged Weapons
   484 | D:2      | 484 ||| DRINKING potion of curing.
   484 | D:2      | 484 ||| (to cure poison)
   554 | D:2      | Found Qeseschyc's Armour Boutique.
   566 | D:2      | 566 ||| BUYING +0 cloak (49 gold).
   566 | D:2      | Bought a +0 cloak for 49 gold pieces
   566 | D:2      | 566 ||| SHOPLISTING +0 pair of gloves of infusion (126
                  | gold, have 38).
   566 | D:2      | 566 ||| SHOPLISTING +0 ring mail (44 gold, have 38).
   566 | D:2      | 566 ||| SHOPLISTING +0 scale mail (44 gold, have 38).
   566 | D:2      | 566 ||| SHOPLISTING +1 leather armour of willpower (154
                  | gold, have 38).
   566 | D:2      | 566 ||| UPGRADING to +0 pair of boots.
   571 | D:2      | 571 ||| UPGRADING to +0 cloak.
   576 | D:2      | 576 ||| READING 2 scrolls labelled GUCWOY XEHO.
   735 | D:2      | Reached XP level 4. HP: 25/25 MP: 6/6
   968 | D:2      | 968 ||| DRINKING 3 fizzy clear potions.
   969 | D:2      | 969 ||| DROPPING scroll of blinking.
  1091 | D:3      | HP: 5/25 [orc/+0 falchion (5)]
  1091 | D:3      | Slain by an orc priest

Levels and vault maps discovered:
D:1:      spicycebolla_arrival_clurvy, layout_rooms, nrook_mini_vaults,
          minmay_ruptured
D:2:      layout_basic, serial_bayou, serial_bayou_pond_c, serial_bayou_pond_c,
          serial_bayou_ford_a, serial_bayou_lake_a,
          hellmonk_ecumenical_altar_blasted, serial_shops,
          nicolae_shop_hallway_plus
D:3:      layout_rooms

Skill      XL: |  1  2  3 |
---------------+----------+-----
Ranged Weapons | 6 7 |  7.9
Fighting       | |  1.5
Dodging        | |  2.4
Stealth        | |  1.2

Action                     |  1- 3 |  4- 6 || total
---------------------------+-------+-------++-------
   Fire: Shortbow          |   133 |    47 ||   180
    Use: Scroll            |     6 |       ||     6
         Potion            |     2 |     1 ||     3
 Armour: Leather armour    |    31 |    10 ||    41
  Dodge: Dodged            |    29 |     8 ||    37

Table legend:
 A = Non-vault XP
 B = Vault XP
 C = Vault XP percentage of total XP
 D = Non-vault monster count
 E = Vault monster count
 F = Vault count percentage of total count
                 A         B        C        D         E       F
            +---------+---------+-------+---------+---------+-------
      Total |     137 |       6 |   4.2 |      59 |       4 |   6.3
            +---------+---------+-------+---------+---------+-------
        D:1 |      44 |       6 |  12.0 |      25 |       4 |  13.8
        D:2 |      53 |       0 |   0.0 |      23 |       0 |   0.0
        D:3 |      40 |       0 |   0.0 |      11 |       0 |   0.0
            +---------+---------+-------+---------+---------+-------
